AoeStats
← 中年不油妮

Baltic

510389927Analyzed
4v4 RM · 2d ago on Sep 30, 2026· 37m 8s· 8 players
Game mode
Random Map
Map size
Large (8 player)
Population
200
Speed
Normal
Resources
Standard
Victory
Conquest
Starting age
Dark Age
Ending age
Imperial Age
RankedLock teamsTeams togetherTeam positionsShared explorationLock speedFull tech treeHidden civsTurbo modeCheats
Victory
Defeat
🇨🇦 Italians · Canada
1271
+14
🇦🇺 Khmer · Australia
1228
+16
🇨🇴 Byzantines · Colombia
1213
+16
🇬🇧 Lithuanians · United Kingdom
1186
+18
🇪🇸 Romans · Spain
1225
-16
🇪🇸 Spanish · Spain
1218
-16
🇪🇸 Hindustanis · Spain
1218
-16
🇪🇸 Magyars · Spain
1217
-16
argantonio65
12:58 Feudal Age
13:36 Double-Bit Axe
13:33 Horse Collar
16:28 Castle Age
26:19 Gold Mining
28:45 Husbandry
32:21 Imperial Age
29:38 Loom
30:48 Bloodlines
30:40 Scale Mail Armor
30:48 Scale Barding Armor
31:48 Fletching
31:58 Padded Archer Armor
32:38 Bodkin Arrow
34:51 Chemistry
36:08 Ballistics
Osorkon
9:52 Feudal Age
16:59 Castle Age
14:53 Horse Collar
17:39 Loom
18:28 Stone Mining
18:30 Gold Mining
22:26 Bloodlines
22:25 Double-Bit Axe
27:53 Wheelbarrow
29:55 Hand Cart
33:31 Imperial Age
33:18 Scale Mail Armor
33:29 Forging
34:29 Chain Mail Armor
Artema2525
12:12 Feudal Age
13:03 Double-Bit Axe
14:12 Loom
20:51 Castle Age
20:50 Scale Barding Armor
20:59 Bloodlines
22:40 Husbandry
25:55 Horse Collar
30:27 Fletching
31:09 Chain Barding Armor
31:38 Elite Skirmisher
37:53 Imperial Age
Aurelius
5:50 Loom
11:53 Feudal Age
12:22 Horse Collar
12:28 Double-Bit Axe
19:36 Scale Mail Armor
22:24 Castle Age
21:23 Gold Mining
21:03 Man-at-Arms
22:41 Long Swordsman
23:25 Heavy Plow
23:38 Bow Saw
23:47 Chain Mail Armor
23:00 Pikeman
26:01 Wheelbarrow
27:29 Hand Cart
30:47 Imperial Age
29:02 Squires
30:50 Forging
31:34 Stone Mining
32:32 Crop Rotation
32:02 Legionary
34:21 Iron Casting
33:53 Halberdier
36:02 Conscription
中年不油妮
7:49 Loom
9:35 Feudal Age
14:07 Castle Age
11:57 Double-Bit Axe
13:04 Horse Collar
15:06 Bow Saw
18:21 Heavy Plow
20:12 Wheelbarrow
21:17 Gold Mining
22:57 Hand Cart
22:37 Stone Mining
24:16 Stone Shaft Mining
27:47 Imperial Age
25:04 Town Watch
25:27 Scale Barding Armor
25:37 Forging
27:49 Chain Barding Armor
28:05 Iron Casting
27:42 Bloodlines
27:32 Husbandry
28:04 Elite Leitis
29:05 Conscription
31:52 Plate Barding Armor
33:02 Two-Man Saw
32:50 Caravan
EigenVector
10:24 Feudal Age
12:05 Double-Bit Axe
13:35 Fletching
19:27 Castle Age
17:49 Loom
18:09 Padded Archer Armor
18:25 Gold Mining
20:05 Bodkin Arrow
20:27 Medium Warships
21:05 Leather Archer Armor
22:30 Wheelbarrow
23:08 Ballistics
26:15 Hand Cart
26:15 Bow Saw
31:47 Imperial Age
29:31 Scale Mail Armor
29:41 Forging
29:59 Thumb Ring
32:41 Chain Mail Armor
33:01 Iron Casting
33:42 Chemistry
33:20 Pirotechnia
34:33 Squires
35:36 Elite Genoese Crossbowman
36:36 Silk Road
CyMi
6:50 Loom
11:03 Feudal Age
11:31 Double-Bit Axe
20:07 Castle Age
18:20 Horse Collar
18:33 Gold Mining
19:09 Forging
19:02 Stone Mining
19:37 Scale Mail Armor
19:46 Scale Mail Armor
21:59 Medium Warships
26:47 Bow Saw
28:28 Scale Barding Armor
30:59 Imperial Age
29:06 Wheelbarrow
28:28 Fletching
30:21 Stone Shaft Mining
31:38 Gold Shaft Mining
31:14 Pikeman
33:48 Iron Casting
34:09 Squires
33:56 Arson
35:37 Hand Cart
35:55 Conscription
36:14 Heavy Plow
36:40 Husbandry
37:47 Hoardings
khadu626
8:35 Loom
10:46 Feudal Age
12:17 Double-Bit Axe
14:43 Bloodlines
19:37 Wheelbarrow
20:44 Fletching
20:54 Padded Archer Armor
20:46 Horse Collar
24:05 Castle Age
21:52 Town Watch
23:47 Gold Mining
24:09 Crossbowman
24:45 Bodkin Arrow
25:28 Leather Archer Armor
25:30 Bow Saw
25:21 Heavy Plow
25:38 Hand Cart
25:18 Fishing Lines
34:22 Imperial Age
32:39 Scale Barding Armor
32:44 Forging
33:12 Husbandry
34:09 Town Patrol
35:24 Chain Barding Armor
35:40 Iron Casting
34:48 Capped Ram
35:49 Siege Ram
37:58 Plate Barding Armor
38:25 Blast Furnace
Connection lost

Rejoining the realm…

Still unreachable

The connection could not be restored.

Session expired

The server has moved on; the page needs a fresh start.